 Dungeon Crawl Stone Soup version 0.31-a0-208-gdb31a4691d (webtiles) character file.

Game seed: 2256442690440585278

1123 Dylgear the Covert (level 8, -4/50 HPs)
             Began as an Octopode Hedge Wizard on June 28, 2023.
             Was an Initiate of Dithmenos.
             Slain by an ogre
             ... wielding a +0 giant club
              (17 damage)
             ... on level 6 of the Dungeon.
             The game lasted 00:39:17 (5683 turns).

Dylgear the Covert (Octopode Hedge Wizard)          Turns: 5683, Time: 00:39:27

Health: -4/50      AC:  2    Str: 15    XL:     8   Next: 35%
Magic:  14/14      EV: 13    Int: 16    God:    Dithmenos [......]
Gold:   251        SH:  3    Dex: 14    Spells: 9/15 levels left

rFire   . . .        r - +1 dagger (venom)
rCold   . . .        t - +0 buckler
rNeg    . . .        b - +1 hat
rPois   .            (no amulet)
rElec   .            e - +6 ring of strength
rCorr   +            A - ring of resist corrosion
SInv    +            B - ring of see invisible
Will    .....        (no ring)
Stlth   +++++        (no ring)
HPRegen 0.28/turn    (no ring)
MPRegen 0.14/turn    (no ring)
                     (no ring)

%: no passive effects
@: about to teleport, on berserk cooldown, slowed, very slow
A: almost no armour, amphibious, 8 rings, camouflage 1, gelatinous body 1,
(nimble swimmer 1), tentacles
a: Renounce Religion


You were on level 6 of the Dungeon.
You worshipped Dithmenos.
Dithmenos was noncommittal.
You visited 2 branches of the dungeon, and saw 7 of its levels.

You collected 251 gold pieces.

Inventory:

Hand Weapons
 g - a +0 war axe
 k - a +0 sling
 r - a +1 dagger of venom (weapon)
Missiles
 l - 9 boomerangs (quivered)
 p - 2 silver javelins
 s - 7 poisoned darts
 v - 3 silver boomerangs
Armour
 b - a +1 hat (worn)
 t - a +0 buckler (worn)
Jewellery
 e - a +6 ring of strength (left tentacle)
 A - a ring of resist corrosion (right tentacle)
 B - a ring of see invisible (on tentacle)
Wands
 a - a wand of iceblast (6)
 j - a wand of paralysis (13)
 x - a wand of mindburst (4)
Scrolls
 d - 3 scrolls of fear
 m - 4 scrolls of teleportation
 y - a scroll of enchant armour
Potions
 c - 2 potions of magic
 f - 2 potions of attraction
 h - a potion of curing
 i - a potion of resistance
 n - a potion of might
 o - 4 potions of brilliance
 q - a potion of cancellation
 w - a potion of mutation {unknown}
 z - a potion of degeneration {unknown}


   Skills:
 + Level 2.0 Fighting
 * Level 4.4 Short Blades
 * Level 1.3 Throwing
 + Level 3.0 Dodging
 * Level 8.1 Stealth
 + Level 0.4 Shields
 + Level 4.3 Spellcasting
 * Level 3.4 Conjurations
 + Level 0.2 Hexes
 + Level 1.0 Summonings
 + Level 1.0 Translocations
 + Level 0.2 Ice Magic


You had 9 spell levels left.
You knew the following spells:

 Your Spells              Type           Power      Damage    Failure   Level
a - Magic Dart            Conj           56%        1d5       5%          1
b - Blink                 Tloc           12%        N/A       22%         2
c - Slow                  Hex            16%        N/A       21%         1
d - Ensorcelled Hibernat  Hex/Ice        8%         N/A       30%         2

Your spell library contained the following spells:

 Spells                   Type           Power      Damage    Failure   Level
 Beastly Appendage        Tmut           6%         N/A       22%         1
 Call Imp                 Summ           12%        N/A       22%         2
 Cigotuvi's Dreadful Rot  Necr/Pois/Air  6%         N/A       32%         2
 Passwall                 Tmut/Erth      2%         N/A       32%         2
 Wereblood                Tmut           3%         N/A       32%         2
 Mephitic Cloud           Conj/Pois/Air  7%         N/A       38%         3
 Spider Form              Tmut/Pois      3%         N/A       54%         3
 Swiftness                Air            3%         N/A       54%         3


Dungeon Overview and Level Annotations

Branches:
Dungeon (6/15)             Temple (1/1) D:5

Altars:
Ashenzari
Cheibriados
Dithmenos
Elyvilon
Fedhas
Gozag
Hepliaklqana
Kikubaaqudgha
Makhleb
Nemelex Xobeh
Okawaru
Qazlal
Ru
Sif Muna
Trog
Uskayaw
Vehumet
Wu Jian
Xom
Yredelemnul
Zin
The Shining One

Shops:
D:3 *

Annotations:
D:4 Pikel


Innate Abilities, Weirdness & Mutations

You cannot wear most types of armour.
You are amphibious.
You can wear up to eight rings at the same time.
Your skin changes colour to match your surroundings (Stealth+).
Your rubbery body absorbs attacks. (AC +1, EV +1)
((You are camouflaged when in or above water. (Stealth+)))
You have tentacles for arms and can constrict up to eight enemies at once.


Message History

The magic dart hits the orc.
The orc is lightly wounded.
An ogre comes into view. It is wielding a +0 giant club.
You barely miss the sky beast. The sky beast hits you.
The sky beast shocks you.
You hit the sky beast.
The sky beast is poisoned.
Your squeeze misses the sky beast.
The sky beast is lightly wounded.
The sky beast hits you. The sky beast shocks you.
A red film seems to cover your vision as you go berserk!
You feel yourself moving faster!
You feel mighty! The sky beast hits you. The sky beast shocks you.
You closely miss the sky beast. You squeeze the sky beast!
The sky beast is heavily wounded.
The sky beast completely misses you.
You barely miss the sky beast. Your squeeze misses the sky beast.
The sky beast is severely wounded.
You barely miss the sky beast.
The sky beast is severely wounded.
The sky beast barely misses you.
You are too berserk!
Unknown command.
You feel a strong urge to attack something.
Found 4 silver javelins.
You are no longer berserk.
You are exhausted.
You feel yourself slow down.
The sky beast looks more healthy.
The sky beast closely misses you. The sky beast barely misses you.
You see here 4 silver javelins.
The sky beast attacks as you move away! The sky beast misses you.
You block the ogre's attack.
As you read the scroll of teleportation, it crumbles to dust.
You feel strangely unstable.
The orc priest mumbles some strange prayers to Beogh against you.
Beogh smites you!
* * * LOW HITPOINT WARNING * * *
The sky beast flickers out of sight for a moment.
The ogre hits you with a +0 giant club!
You die...

....#......oo.......
...##.##.##)####...
.......#.##o..##...
.. #.........##... #.
#...#####.##...
####.##.o############
#.##.....Yo........
#....###O#########.
#...@.# #.#####


You could see a sky beast (invisible), an ogre, an orc priest and an orc.

Vanquished Creatures
  Grinder (D:3)
  Sigmund (D:5)
  An ice beast (D:6)
  A black bear (D:4)
  An ogre (D:5)
  A lemure (D:4)
  Crazy Yiuf (D:3)
  A hound (D:6)
  Ijyb (D:3)
  2 orc priests
  2 sleepcaps
  An iguana (D:5)
  2 orc wizards
  Robin (D:3)
  8 adders
  A worm (D:5)
  3 dart slugs
  16 orcs
  12 ball pythons
  7 endoplasms
  6 giant cockroaches
  17 goblins
  8 hobgoblins
  12 jackals
  3 quokkas
  5 bats
  2 frilled lizards
  7 kobolds
  6 rats
130 creatures vanquished.

Notes
Turn   | Place    | Note
-------+----------+-------------------------------------------
     0 | D:1      | Dylgear the Octopode Hedge Wizard began the quest for the
                  | Orb.
     0 | D:1      | Reached XP level 1. HP: 11/11 MP: 4/4
   116 | D:1      | Reached XP level 2. HP: 9/17 MP: 1/6
   348 | D:1      | Reached skill level 3 in Stealth
   495 | D:1      | Reached XP level 3. HP: 21/21 MP: 8/8
   546 | D:1      | Learned a level 2 spell: Blink
   548 | D:1      | Learned a level 1 spell: Slow
  1040 | D:2      | Found a faded altar of an unknown god.
  1310 | D:2      | Reached XP level 4. HP: 27/27 MP: 2/9
  1588 | D:2      | Learned a level 2 spell: Ensorcelled Hibernation
  2127 | D:3      | Noticed Ijyb
  2148 | D:2      | Reached skill level 4 in Stealth
  2480 | D:3      | Reached skill level 1 in Short Blades
  2517 | D:3      | Noticed Grinder
  2524 | D:3      | Killed Grinder
  2525 | D:3      | Reached skill level 1 in Fighting
  2525 | D:3      | Reached skill level 5 in Stealth
  2525 | D:3      | Reached XP level 5. HP: 5/33 MP: 9/11
  2525 | D:3      | Reached XP level 6. HP: 6/38 MP: 9/12
  2714 | D:3      | Found Fasoiqa's General Store.
  2915 | D:3      | Noticed Robin
  2925 | D:4      | Found a hazy altar of Hepliaklqana.
  2996 | D:3      | Killed Robin
  3043 | D:3      | Killed Ijyb
  3340 | D:3      | Reached XP level 7. HP: 44/44 MP: 13/13
  3344 | D:3      | Found a runed translucent door.
  3345 | D:3      | Noticed Crazy Yiuf
  3352 | D:3      | Killed Crazy Yiuf
  3709 | D:4      | Noticed Pikel
  3898 | D:4      | Found a burning altar of Makhleb.
  3997 | D:4      | Reached skill level 6 in Stealth
  4280 | D:5      | Entered Level 5 of the Dungeon
  4287 | D:5      | Noticed Sigmund
  4578 | D:5      | Reached skill level 1 in Throwing
  4604 | D:5      | Killed Sigmund
  4605 | D:5      | Reached skill level 7 in Stealth
  4605 | D:5      | Reached XP level 8. HP: 50/50 MP: 14/14
  4607 | D:5      | Found a staircase to the Ecumenical Temple.
  4651 | Temple   | Entered the Ecumenical Temple
  5058 | Temple   | Became a worshipper of Dithmenos the Shadowed
  5602 | D:6      | Reached skill level 8 in Stealth
  5683 | D:6      | Slain by an ogre

Illustrated notes

Levels and vault maps discovered:
D:1:      dpeg_arrival_tiny_f, layout_loops_ring
D:2:      layout_basic, hellmonk_ecumenical_altar_lost_god
D:3:      minmay_razor_zed, layout_rooms, serial_shops,
          nicolae_shop_gibbet_a_chance, minmay_misc_feat_tower, uniq_grinder,
          uniq_robin, uniq_crazy_yiuf_cottage, uniq_ijyb
D:4:      layout_loops_ring, nicolae_overflow_hidden_temple,
          nicolae_hepliaklqana_hazy_memory, minmay_pentangle, uniq_pikel
D:5:      nicolae_cairo_tiling_large, layout_cave_pools,
          minmay_temple_entry_proselytizer, grunt_decor_clamped,
          mrwooster_statue_mirror, kennysheep_crisscross,
          chequers_hall_statues_wall_a, uniq_sigmund
D:6:      layout_basic, minmay_ruffians
Temple:   mainiacjoe_temple_cubbyholes

Skill      XL: |  1  2  3  4  5  6  7  8 |
---------------+-------------------------+-----
Stealth        | 3 5 7 8 |  8.1
Conjurations   | 2 3 |  3.4
Short Blades   | 2 3 4 |  4.4
Fighting       | 1 2 |  2.0
Spellcasting   | 4 |  4.3
Throwing       | 1 |  1.3
Dodging        | 3 |  3.0
Shields        | |  0.4
Hexes          | |  0.2
Summonings     | |  1.0
Translocations | |  1.0
Ice Magic      | |  0.2

Action                     |  1- 3 |  4- 6 |  7- 9 || total
---------------------------+-------+-------+-------++-------
  Melee: Dagger            |    38 |    98 |    85 ||   221
         Constrict         |    10 |    27 |    23 ||    60
         Tentacles         |     8 |    27 |    21 ||    56
  Throw: Boomerang         |       |    12 |    11 ||    23
   Cast: Magic Dart        |    50 |    51 |     8 ||   109
         Blink             |     1 |       |       ||     1
         Slow              |       |     1 |       ||     1
         Ensorcelled Hiber |       |       |     2 ||     2
    Use: Scroll            |     5 |     8 |     3 ||    16
         Potion            |       |     2 |     1 ||     3
   Stab: Sleeping          |     1 |     8 |    12 ||    21
 Armour: Skin              |     3 |     7 |     8 ||    18
  Dodge: Dodged            |    28 |    52 |    30 ||   110
  Block: Buckler           |       |       |    10 ||    10

Table legend: (Time is in decaauts)
 A = Elapsed time spent in this place.
 B = Non-inter-level travel time spent in this place.
 C = Inter-level travel time spent in this place.
 D = Time resting spent in this place.
 E = Time spent auto-exploring this place.
 F = Levels seen in this place.
 G = Mean time per level.
                   A        B        C        D        E       F      G
               +--------+--------+--------+--------+--------+-----+--------+
         Total |   5676 |   5302 |    374 |    552 |   3082 |   7 |  810.9 |
       Dungeon |   5231 |   4893 |    338 |    552 |   2808 |   6 |  871.8 |
        Temple |    444 |    408 |     36 |      0 |    274 |   1 |  444.0 |
               +--------+--------+--------+--------+--------+-----+--------+

Top non-repeatable levels by time:
     D:2: 1205 daAuts
     D:3: 1142 daAuts
     D:1: 1009 daAuts
     D:4: 982 daAuts
     D:5: 779 daAuts
  Temple: 444 daAuts
     D:6: 111 daAuts
